 Dungeon Crawl Stone Soup version 0.19-a0-45-g2c295ea (webtiles) character file.

611 Kenran the Carver (level 7, -7/57 HPs)
             Began as a Mottled Draconian Fighter on May 5, 2016.
             Mangled by an orc warrior
             ... wielding a +0 halberd
              (18 damage)
             ... on level 5 of the Dungeon.
             The game lasted 00:07:58 (5097 turns).

Kenran the Carver (Mottled Draconian Fighter)       Turns: 5097, Time: 00:07:59

Health: -7/57      AC:  6    Str: 21    XL:     7   Next: 20%
Magic:  7/7        EV: 10    Int:  8    God:
Gold:   232        SH:  9    Dex: 10    Spells: 0 memorised, 6 levels left

rFire  . . .     SeeInvis .     a - +0 long sword
rCold  . . .     Gourm    .     (armour unavailable)
rNeg   . . .     Faith    .     b - +0 shield
rPois  .         Spirit   .     (helmet restricted)
rElec  .         Dismiss  .     (no cloak)
rCorr  .         Reflect  .     (no gloves)
SustAt .         Harm     .     (no boots)
MR     .....                    (no amulet)
Stlth  +.........               (no ring)
                                (no ring)

@: not resistant to hostile enchantments, very unstealthy
A: breathe sticky flame splash, unfitting armour, cold-blooded, AC +6
a: Breathe Sticky Flame


You were on level 5 of the Dungeon.
You were not hungry.

You visited 1 branch of the dungeon, and saw 5 of its levels.

You collected 232 gold pieces.

Inventory:

Hand Weapons
 a - a +0 long sword (weapon)
Armour
 b - a +0 shield (worn)
Jewellery
 g - an uncursed amulet of guardian spirit {unknown}
 w - an uncursed ring of fire {unknown}
Wands
 p - a wand of lightning (3/15)
 u - a wand of flame (17/48)
 v - a wand of teleportation (1/9)
Scrolls
 e - 6 scrolls of identify {unknown}
 i - 2 scrolls of magic mapping {unknown}
 l - 2 scrolls of noise {unknown}
 n - a scroll of enchant weapon {unknown}
 o - 2 scrolls of recharging {unknown}
 r - a scroll of teleportation {unknown}
 t - a scroll of fog {unknown}
 x - a scroll of enchant armour {unknown}
 y - 2 scrolls of remove curse {unknown}
Potions
 c - a potion of might
 f - 2 potions of flight {unknown}
 h - a potion of ambrosia {unknown}
 j - a potion of curing {unknown}
 k - a potion of haste {unknown}
 q - 2 potions of heal wounds {unknown}
 s - a potion of invisibility {unknown}
 z - a potion of berserk rage {unknown}
 A - a potion of cancellation {unknown}
Comestibles
 d - 4 bread rations
 m - a royal jelly
 B - a beef jerky


   Skills:
 - Level 3.2 Fighting
 + Level 8.0 Long Blades
 - Level 2.6 Dodging
 - Level 3.0 Shields


You had 6 spell levels left.
You didn't know any spells.

Dungeon Overview and Level Annotations

Branches:
Dungeon (5/15)
 Temple: D:4-7

Altars:
Elyvilon
Makhleb
Sif Muna
Xom
Zin

Annotations:
D:4 Kenran's ghost, amateur DrFi


Innate Abilities, Weirdness & Mutations

You can spit globs of burning liquid.
You can ignite nearby creatures when you spit burning liquid.
Your weird mottled scales are hard (AC +6).
Your body does not fit into most forms of armour.
You are cold-blooded and may be slowed by cold attacks.


Message History

The orc wizard is almost dead.
The orc wizard closely misses you.
The orc wizard mumbles some strange words.
The orc wizard blinks!
The orc warrior barely misses you.
You slash the orc wizard!
You kill the orc wizard!
Your Long Blades skill increases to level 8!
The orc warrior closely misses you.
Items here: % )) [[ † You hear some strange, mumbled words.
You are confused.
You bump into the rock wall.
The orc warrior hits you from afar with a halberd!!
You bump into the rock wall.
You bump into the rock wall.
The orc warrior hits you from afar with a halberd!
* * * LOW HITPOINT WARNING * * *
You feel less confused.
The orc warrior hits you with a halberd!!
You die...

#####.### .. #.# .####
##.## ###....## #...#
#.......##
#...######........#
#........#........#
#...####.#.....#.##
............#.#...._..
..............@.).#.#
#............#.oZ....#
#####...####.###.#####
#........###.#### #...
###.......# #.##.##.#
#####o##)##.#..
....Z?..........
.#..#.###.#.#.##


You could see an orc warrior and a jackal skeleton.

Vanquished Creatures
  The ghost of Grangar the Shooter, an amateur HEHu (D:3)
  A phantom (D:4)
  A scorpion (D:4)
  A hound (D:4)
  An orc priest (D:5)
  3 orc wizards
  3 worker ants
  A gnoll (D:3)
  4 adders
  A howler monkey skeleton (D:4)
  2 oozes
  2 dart slugs (D:1)
  7 orcs
  6 bats
  8 giant cockroaches
  4 goblins
  10 hobgoblins
  A quokka (D:2)
  3 ball pythons
  4 giant newts
  3 kobolds
  7 rats
74 creatures vanquished.

Notes
Turn   | Place    | Note
--------------------------------------------------------------
     0 | D:1      | Kenran the Draconian Fighter began the quest for the Orb.
     0 | D:1      | Reached XP level 1. HP: 19/19 MP: 1/1
   229 | D:1      | Reached XP level 2. HP: 26/26 MP: 2/2
   443 | D:1      | Reached skill level 3 in Long Blades
   956 | D:1      | Reached XP level 3. HP: 31/31 MP: 3/3
  1738 | D:2      | Reached skill level 4 in Long Blades
  2268 | D:3      | Reached XP level 4. HP: 35/38 MP: 4/4
  2344 | D:3      | Found a glowing silver altar of Zin.
  2383 | D:3      | Noticed Grangar's ghost (amateur HEHu)
  2557 | D:3      | Killed Grangar's ghost
  2557 | D:3      | Reached skill level 5 in Long Blades
  2557 | D:3      | Reached XP level 5. HP: 19/45 MP: 5/5
  2931 | D:3      | Found a deep blue altar of Sif Muna.
  3011 | D:4      | Reached skill level 6 in Long Blades
  3352 | D:4      | Noticed a phantom
  3386 | D:4      | Killed a phantom
  3386 | D:4      | Reached XP level 6. HP: 28/51 MP: 6/6
  3930 | D:4      | Reached skill level 7 in Long Blades
  4086 | D:4      | Noticed an orc warrior
  4090 | D:4      | Noticed Kenran's ghost (amateur DrFi)
  4228 | D:4      | Found a shimmering altar of Xom.
  4871 | D:4      | Found a burning altar of Makhleb.
  4887 | D:4      | Your scales start taking on a weird mottled colour.
  4887 | D:4      | Reached XP level 7. HP: 57/57 MP: 7/7
  5024 | D:5      | Entered Level 5 of the Dungeon
  5067 | D:5      | Found a white marble altar of Elyvilon.
  5084 | D:5      | Reached skill level 8 in Long Blades
  5097 | D:5      | Mangled by an orc warrior

Vault maps used:
D:1:      dpeg_arrival_simpleton_b
D:2:      first_bread
D:3:      marbit_many_paths, nicolae_overflow_crystal_walls
D:4:      lemuel_crystal_altar, lemuel_coloured_pillars_altar
D:5:      lemuel_crystal_altar, lightli_sewer_entry_pipes, xom_teletrap_fun

Skill      XL: |  1  2  3  4  5  6  7 |
---------------+----------------------+-----
Long Blades    | 3 4 5 6 7 8 |  8.0
Fighting       | |  3.2
Dodging        | |  2.6
Shields        | |  3.0

Action                   |  1- 3 |  4- 6 |  7- 9 || total
-------------------------+-------+-------+-------++-------
Melee: Long sword        |   127 |   122 |    10 ||   259
       Tailslap          |    11 |    18 |       ||    29
 Stab: Sleeping          |     3 |       |       ||     3
  Eat: Chunk             |     4 |     1 |       ||     5
       Beef jerky        |       |     1 |       ||     1
       Meat ration       |       |     1 |       ||     1
       Royal jelly       |       |       |     1 ||     1
Armor: Skin              |    26 |    26 |     2 ||    54
Dodge: Dodged            |    60 |    50 |     8 ||   118
Block: Shield            |    53 |    47 |     2 ||   102
